 Dungeon Crawl Stone Soup version 0.24.1 (webtiles) character file.

Game seed: 17296268636392055948, levelgen mode: deterministic

1794 BreadTh the Cleaver (level 8, -9/68 HPs)
             Began as a Minotaur Monk on Mar 29, 2020.
             Was an Elder of Okawaru.
             Killed from afar by a gargoyle (19 damage)
             ... with a stone arrow
             ... on level 8 of the Dungeon.
             The game lasted 00:24:33 (7249 turns).

BreadTh the Cleaver (Minotaur Monk)                 Turns: 7249, Time: 00:24:33

Health: -9/68      AC: 14    Str: 16    XL:     8   Next: 82%
Magic:  9/10       EV: 12    Int:  7    God:    Okawaru [****..]
Gold:   416        SH:  0    Dex: 15    Spells: 7/7 levels left

rFire    . . .     SeeInvis .   a - +1 hand axe
rCold    . . .     Gourm    .   (no shield)
rNeg     . . .     Faith    .   C - +0 chain mail
rPois    .         Spirit   .   (helmet restricted)
rElec    .         Reflect  .   j - scarf {cloud immunity}
rCorr    .         Harm     .   H - +0 pair of gloves
MR       .....                  K - +0 pair of boots
Stlth    ..........             (no amulet)
HPRegen  0.21/turn              k - ring of flight
MPRegen  0.12/turn              (no ring)

@: heroism
A: retaliatory headbutt, horns 2
a: Heroism, Renounce Religion, Evoke Flight


You were on level 8 of the Dungeon.
You worshipped Okawaru.
Okawaru was greatly pleased with you.
You were not hungry.

You visited 1 branch of the dungeon, and saw 8 of its levels.
You also visited: Ossuary.

You collected 416 gold pieces.

Inventory:

Hand Weapons
 a - a +1 hand axe (weapon)
 b - a +0 hand crossbow
Missiles
 h - 177 stones
 i - 7 silver javelins (quivered)
 n - 30 poisoned darts
 o - 31 bolts
Armour
 j - a scarf of cloud immunity (worn)
 C - a +0 chain mail (worn)
 H - a +0 pair of gloves (worn)
 K - a +0 pair of boots (worn)
Jewellery
 k - a ring of flight (left hand)
 J - a +5 ring of protection {unknown}
Wands
 A - a wand of scattershot (6)
 F - a wand of acid (12)
 I - a wand of paralysis (6)
Scrolls
 e - 2 scrolls of immolation
 f - 5 scrolls of remove curse
 w - a scroll of enchant weapon
 y - a scroll of magic mapping
 E - 2 scrolls of identify
 G - a scroll of enchant armour {unknown}
 L - a scroll of fog {unknown}
Potions
 d - a potion of heal wounds
 g - 2 potions of flight
 m - 3 potions of might {unknown}
 p - a potion of resistance {unknown}
 q - a potion of brilliance {unknown}
 r - 4 potions of curing
 t - a potion of berserk rage {unknown}
 u - 2 potions of mutation {unknown}
 v - 3 potions of haste
 x - 3 potions of agility {unknown}
 z - 2 potions of degeneration {unknown}
 B - a potion of ambrosia {unknown}
 D - a potion of lignification {unknown}
Comestibles
 c - 13 rations


   Skills:
 - Level 5.1(10.1) Fighting
 * Level 9.0(14.0) Axes
 + Level 4.4(9.4) Throwing
 - Level 5.1(10.1) Armour
 - Level 5.0(10.0) Dodging
 - Level 2.0(7.0) Stealth
 + Level 4.1 Invocations


You had 7 spell levels left.
You didn't know any spells.
Your spell library contained the following spells:

 Spells                   Type           Power        Failure   Level  Hunger
 Flame Tongue             Conj/Fire      #....        99%         1    ##.....
 Throw Flame              Conj/Fire      #.....       100%        2    ###....
 Conjure Flame            Conj/Fire      #.......     100%        3    ####...
 Inner Flame              Hex/Fire       #.......     100%        3    ####...
 Sticky Flame             Conj/Fire      #.......     100%        4    #####..
 Fireball                 Conj/Fire      #.........   100%        5    ######.


Dungeon Overview and Level Annotations

Branches:
Dungeon (8/15)             Temple (0/1) D:4         Ossuary (visited)
   Lair: D:8-11

Altars:
Gozag
Okawaru
Yredelemnul

Shops:
D:6 *


Innate Abilities, Weirdness & Mutations

You reflexively headbutt those who attack you in melee.
You have a pair of horns on your head.


Message History

Your chain mail prevents you from hitting the gargoyle.
You punch the gargoyle.
The gargoyle is severely damaged.
The gargoyle hurls a stone arrow at you.
The stone arrow hits you!
* * * LOW HITPOINT WARNING * * *
You hit the gargoyle but do no damage.
The gargoyle is severely damaged.
You hit the gargoyle but do no damage.
The gargoyle is severely damaged.
The gargoyle misses you.
Okay, then.
You hit the gargoyle but do no damage.
You punch the gargoyle, but do no damage.
The gargoyle is severely damaged.
You hit the gargoyle but do no damage.
The gargoyle is severely damaged.
The gargoyle hurls a stone arrow at you.
The stone arrow hits you!!
You die...

..# #.# ..#
#.#
..###########
#.#
............#
#.#
###########.#
#.# .....>#
#.# #.#
####### #.#
#.# ..## #.#
#.########
...# #.#
#.@9.....(
...# #.#
##########
...# #.# ...#
######'##
#'####.......#
#....'.......#
######.......#
#.......#
#.......#


You could see a gargoyle.

Vanquished Creatures
  A hungry ghost (D:7)
  An orc warrior (D:7)
  A sky beast (D:5)
  A centaur (D:6)
  5 ogres
  A bullfrog (D:7)
  A water moccasin zombie (Ossuary)
  A wyvern skeleton (D:7)
  A scorpion (D:6)
  A vampire bat (D:5)
  A hound (D:3)
  A centaur zombie (D:6)
  2 jellies
  An orc priest (D:4)
  3 worker ants
  3 orc wizards
  3 big kobold zombies (Ossuary)
  A hound skeleton (D:4)
  2 mummies (Ossuary)
  A howler monkey zombie (D:6)
  7 adders
  9 gnolls
  An adder skeleton (D:8)
  3 adder zombies (Ossuary)
  3 worms
  4 leopard geckos
  27 orcs
  17 bats
  5 giant cockroaches
  2 gnoll zombies (Ossuary)
  9 goblins
  3 hobgoblins (D:1)
  9 jackals
  5 quokkas
  A ball python (D:3)
  10 frilled lizards
  5 hobgoblin zombies (Ossuary)
  A jackal skeleton (D:4)
  4 kobold zombies (Ossuary)
  5 orc zombies (Ossuary)
  12 rats
174 creatures vanquished.

Vanquished Creatures (others)
  A frilled lizard (D:2)
1 creature vanquished.

Grand Total: 175 creatures vanquished

Notes
Turn   | Place    | Note
-------+----------+-------------------------------------------
     0 | D:1      | BreadTh the Minotaur Monk began the quest for the Orb.
     0 | D:1      | Reached XP level 1. HP: 19/19 MP: 0/0
   295 | D:1      | Reached skill level 4 in Axes
   295 | D:1      | Reached XP level 2. HP: 4/27 MP: 1/1
   827 | D:1      | Reached skill level 1 in Armour
   993 | D:1      | Reached XP level 3. HP: 32/33 MP: 2/2
  1308 | D:2      | Reached skill level 1 in Throwing
  1679 | D:2      | Reached XP level 4. HP: 40/40 MP: 3/3
  1929 | D:3      | Found a faded altar of an unknown god.
  2203 | D:3      | Reached skill level 5 in Axes
  2203 | D:3      | Reached XP level 5. HP: 44/46 MP: 4/4
  2229 | D:3      | Found an iron altar of Okawaru.
  2257 | D:3      | Became a worshipper of Warmaster Okawaru
  2257 | D:3      | Reached * piety under Okawaru
  2257 | D:3      | Reached ** piety under Okawaru
  2637 | D:4      | Noticed an ogre
  2642 | D:4      | Killed an ogre
  2946 | D:4      | Reached XP level 6. HP: 41/53 MP: 5/5
  2952 | D:4      | Reached skill level 1 in Invocations
  3628 | D:4      | Reached skill level 6 in Axes
  3712 | D:4      | Found a staircase to the Ecumenical Temple.
  3783 | D:4      | Reached skill level 5 in Fighting
  3783 | D:4      | Reached XP level 7. HP: 49/61 MP: 7/7
  3960 | D:4      | Reached *** piety under Okawaru
  4266 | D:5      | Entered Level 5 of the Dungeon
  4445 | D:5      | Found a sand-covered staircase.
  4465 | Ossuary  | Entered an ossuary
  4881 | D:5      | Found a basalt altar of Yredelemnul.
  4948 | D:5      | Reached skill level 7 in Axes
  4948 | D:5      | Reached skill level 5 in Dodging
  5382 | D:6      | Found an opulent altar of Gozag.
  5386 | D:6      | Found Gozag's Platinum Reserve.
  5559 | D:6      | Reached **** piety under Okawaru
  5559 | D:6      | Reached XP level 8. HP: 61/68 MP: 9/9
  6103 | D:7      | Reached skill level 8 in Axes
  6423 | D:7      | Reached skill level 5 in Armour
  6968 | D:8      | Reached skill level 9 in Axes
  7235 | D:8      | Noticed a gargoyle
  7249 | D:8      | Killed from afar by a gargoyle

Levels and vault maps discovered:
D:1:      minmay_arrival_split_and_join, layout_basic, serial_bayou_pond_d
D:2:      layout_rooms, chequers_arboretum, grunt_ministairs_15,
          lemuel_flame_loot_1
D:3:      layout_loops_ring, chequers_ecumenical_altar_island, st_stairs_6,
          okawaru_altar_gauntlet_db
D:4:      layout_basic, temple_pool_b
D:5:      layout_rooms, yredelemnul_altar_generic,
          lightli_ossuary_entry_decrepit_ruins, first_ration, roderic_batcave,
          minivault_25, kennysheep_decorative_pillar, minmay_tree_intersection
D:6:      layout_rooms, nicolae_gozag_zags_fifth_avenue
D:7:      layout_basic
D:8:      layout_basic

Skill      XL: |  1  2  3  4  5  6  7  8 |
---------------+-------------------------+-----
Axes           | 4 5 6 7 9 |  9.0
Armour         | 1 2 3 4 5 |  5.1
Stealth        | 2 |  2.0
Throwing       | 1 2 3 4 |  4.4
Fighting       | 4 5 |  5.1
Dodging        | 4 5 |  5.0
Invocations    | 1 2 4 |  4.1

Action                   |  1- 3 |  4- 6 |  7- 9 || total
-------------------------+-------+-------+-------++-------
Melee: Hand axe          |    80 |   129 |   276 ||   485
       Headbutt          |    11 |    25 |    62 ||    98
       Punch             |       |       |     2 ||     2
Throw: Stone             |    39 |       |       ||    39
       Dart              |       |     9 |     1 ||    10
       Javelin           |       |       |     9 ||     9
Invok: Heroism           |       |     1 |     2 ||     3
  Use: Potion            |       |     2 |       ||     2
       Scroll            |       |       |    11 ||    11
  Eat: Chunk             |     2 |     7 |    13 ||    22
Armor: Robe              |     3 |       |       ||     3
       Scale mail        |    20 |    45 |    56 ||   121
       Chain mail        |       |       |    18 ||    18
Dodge: Dodged            |    56 |    61 |   140 ||   257
